 Dungeon Crawl Stone Soup version 0.32-a0-673-g3729bd50f8 (webtiles) character file.

Game seed: 9923362699461730394

1415 ezpacito the Trooper (level 8, -4/55 HPs)
             Began as a Coglin Chaos Knight on Mar 11, 2024.
             Was a Plaything of Xom.
             Shot with an arrow by a centaur (5 damage)
             ... on level 5 of the Dungeon.
             The game lasted 00:08:55 (4827 turns).

ezpacito the Trooper (Coglin Chaos Knight)          Turns: 4827, Time: 00:08:56

Health: -4/55      AC:  5    Str: 13    XL:     8   Next: 71%
Magic:  11/11      EV: 12    Int: 11    God:    Xom [......]
Gold:   1102       SH:  0    Dex: 10    Spells: 0/11 levels left

rFire   + . .        a - +0 hand axe (chaos) {Juwon}
rCold   . . .        q - +3 short sword (chaos) {Chun}
rNeg    . . .        b - +0 steam dragon scales
rPois   .            (no helmet)
rElec   .            (no cloak)
rCorr   .            (no gloves)
SInv    .            (no boots)
Will    .....        (amulet unavailable)
Stlth   ++           (ring unavailable)
HPRegen 0.29/turn    (ring unavailable)
MPRegen 0.12/turn    (no gizmo)

%: random rage (3%)
@: lethally poisoned (-4 -> -6)
A: off-hand wielding, slow wielding, warmup strikes, no jewellery, berserk 1,
clumsy 2, deterioration 1, fire resistance 1, frail 1, weak 1
a: Invent Gizmo, Renounce Religion


You were on level 5 of the Dungeon.
You worshipped Xom.
You were a very special plaything of Xom.
You visited 2 branches of the dungeon, and saw 9 of its levels.

You collected 1102 gold pieces.

Inventory:

Hand Weapons
 a - a +0 hand axe of chaos (weapon) {Juwon}
 c - a +0 spear
 f - a +0 war axe
 g - a +2 heavy hand axe
 j - a +1 dagger of venom {Demetirus}
 q - a +3 short sword of chaos (offhand) {Chun}
Missiles
 i - 16 poisoned darts
 o - a throwing net (quivered)
Armour
 b - +0 steam dragon scales (worn)
Wands
 u - a wand of flame (23)
Scrolls
 e - a scroll of amnesia
 h - 2 scrolls of vulnerability
 k - 2 scrolls of noise
 r - a scroll of torment
 s - 3 scrolls of enchant weapon
 t - 2 scrolls of teleportation
Potions
 m - a potion of berserk rage


   Skills:
 * Level 5.2 Fighting
 * Level 5.1(5.5) Axes
 + Level 2.6(4.0) Polearms
 * Level 4.1 Armour
 * Level 3.9 Dodging
 + Level 2.4 Stealth
 + Level 2.3 Spellcasting
 + Level 2.7 Evocations


You couldn't memorise any spells.
You knew the following spells:

 Your Spells              Type           Power      Damage    Failure   Level
a - Necrotise             Necr           4%         1d4       28%         1
b - Tukima's Dance        Hex            1%         N/A       63%         3
c - Martyr's Knell        Necr/Summ      1%         N/A       95%         4
x - Vampiric Draining     Necr           1%         2d6       63%         3

Your spell library contained the following spells:

 Spells                   Type           Power      Damage    Failure   Level
 Dimensional Bullseye     Hex/Tloc       0%         N/A       95%         4
 Iskenderun's Mystic Bla  Conj/Tloc      1%         2d3       95%         4
 Curse of Agony           Necr           1%         N/A       100%        5


Dungeon Overview and Level Annotations

Branches:
Dungeon (8/15)             Temple (1/1) D:7
   Lair: D:8-11

Altars:
Ashenzari
Cheibriados
Dithmenos
Fedhas
Makhleb
Nemelex Xobeh
Okawaru
Qazlal
Ru
Sif Muna
Trog
Uskayaw
Wu Jian
Xom
Yredelemnul
The Shining One

Shops:
D:2 (   D:3 [

Annotations:
D:3 3 runed translucent doors, GloriousHammer's ghost, amateur CoAr


Innate Abilities, Weirdness & Mutations

You can wield a second weapon in your off-hand.
It takes a long time for you to wield or remove held weapons.
Your first few attacks do less damage.
You cannot equip rings or amulets.
You sometimes lose your temper in combat.
You are very clumsy. (Dex -4)
Your body sometimes deteriorates upon taking damage.
Your flesh is heat resistant. (rF+)
You are frail. (-10% HP)
You are weak. (Str -2)


Message History

It was a scroll of blinking.
You are engulfed in poison gas.
You are poisoned.
* * * LOW HITPOINT WARNING * * *
x2 You feel very sick.
The centaur shoots an arrow.
The arrow hits you.
* * * LOW HITPOINT WARNING * * *
You take 17 damage, and have 5/55 hp.
MASSIVE DAMAGE!!
* * * LOW HITPOINT WARNING * * *
You feel very sick.
You take 3 damage, and have 2/55 hp.
You feel much better.
You feel very sick.
You regained 13 hp, and now have 15/55 hp.
You feel sick.
You take 2 damage, and have 13/55 hp.
You feel sick.
You take 1 damage, and have 12/55 hp.
You feel sick.
You take 1 damage, and have 11/55 hp.
Okay, then.
Aiming: Throw Flame
Press: ? - help, Shift-Dir - straight line, f - centaur
Aim: a centaur, wielding a +0 shortbow (83% to hit)
The puff of flame hits the centaur!
The centaur is heavily wounded.
You feel sick.
The centaur shoots an arrow.
The arrow barely misses you.
You take 2 damage, and have 9/55 hp.
You feel sick.
You take 1 damage, and have 8/55 hp.
Aiming: Throw Flame
Press: ? - help, Shift-Dir - straight line, f/p - centaur
Aim: a centaur, wielding a +0 shortbow (heavily wounded, 83% to hit)
The puff of flame hits the centaur.
The centaur is heavily wounded.
You feel sick.
The centaur shoots an arrow.
The arrow hits you!
* * * LOW HITPOINT WARNING * * *
Xom thinks this is hilarious!
The centaur shoots an arrow.
The arrow hits you.
You die...
Xom guffaws!

***,***** *,,,#.#,##......##..
*,,,,,,,* #...#.#,*######.....
*,,,,,,,* *...#.#,# ####..
*,,,,,,,* *...#.#.# ####.....
*,,,,,,,***...#.#.# #........
*,,,,,,,+,,,......# #........
*,,,,,..#####.....####....####
*,.)....#####.....####....#
*,......#####@....####....#
*,......#####.....####....#
*,......#####.....####....####
*,......#####.....####........
*,..o.o.#####..§☼.####........
**,.......####°§§§.#...........
*,,...Yc...?.☼§○§○.#...########
*,,.##..##§#.cY###.#...........
**,,#:.###.#....###.#...........


You could see a yak and a centaur.

Vanquished Creatures
  Prince Ribbit (D:5)
  A steam dragon (D:7)
  A sky beast (D:4)
  A centaur (D:5)
  A phantom (D:5)
  A gnoll sergeant (D:5)
  3 scorpions
  A jelly (D:5)
  A bombardier beetle (D:4)
  3 orc priests
  2 iguanas (D:5)
  A sleepcap (D:5)
  Terence (D:2)
  6 orc wizards
  7 gnolls
  2 adders
  A white imp (D:5)
  2 ufetubi (D:7)
  3 dart slugs
  A ribbon worm (D:2)
  9 orcs
  7 endoplasms
  3 giant cockroaches
  6 goblins
  6 hobgoblins
  9 jackals
  A quokka (D:3)
  4 ball pythons
  4 bats
  4 frilled lizards
  10 kobolds
  6 rats
109 creatures vanquished.

Vanquished Creatures (others)
  A sky beast (D:7)
1 creature vanquished.

Grand Total: 110 creatures vanquished

Notes
Turn   | Place    | Note
-------+----------+-------------------------------------------
     0 | D:1      | ezpacito the Coglin Chaos Knight began the quest for the
                  | Orb.
     0 | D:1      | Reached XP level 1. HP: 18/18 MP: 1/1
    14 | D:1      | Reached skill level 1 in Dodging
   114 | D:1      | Reached XP level 2. HP: 24/24 MP: 2/2
   185 | D:1      | XOM: silly message
   214 | D:1      | Reached XP level 3. HP: 15/29 MP: 3/3
   536 | D:1      | XOM is BORED!
   624 | D:2      | XOM: divination: magic mapping
   692 | D:2      | Noticed Terence
   698 | D:2      | Killed Terence
   699 | D:2      | Reached XP level 4. HP: 22/35 MP: 4/4
  1005 | D:2      | Found Oveloh's Antique Weapon Shoppe.
  1053 | D:2      | XOM: divination: detect creatures
  1073 | D:2      | XOM: smoke on damage
  1118 | D:2      | Reached skill level 1 in Polearms
  1158 | D:2      | XOM: 7-stop teleportation journey
  1533 | D:2      | XOM: silly message
  1605 | D:3      | Found a large runed translucent door.
  1605 | D:3      | Found a large runed translucent door.
  1677 | D:3      | Found Qeov's Armour Emporium.
  1854 | D:3      | Found a runed translucent door.
  1859 | D:3      | Noticed GloriousHammer's ghost (amateur CoAr)
  2092 | D:3      | Gained mutation: You are frail. (-10% HP) [potion of
                  | mutation]
  2092 | D:3      | Gained mutation: You are partially covered in iridescent
                  | scales. (AC +2) [potion of mutation]
  2092 | D:3      | XOM: noise
  2101 | D:3      | Reached skill level 1 in Spellcasting
  2101 | D:3      | Reached XP level 5. HP: 10/36 MP: 6/6
  2117 | D:3      | XOM: give mutations
  2117 | D:3      | Gained mutation: You are clumsy. (Dex -2) [Xom's mischief]
  2117 | D:3      | Gained mutation: You sometimes lose your temper in combat.
                  | [Xom's mischief]
  2117 | D:3      | Lost mutation: You are partially covered in iridescent
                  | scales. (AC +2) [Xom's mischief]
  2117 | D:3      | Gained mutation: You are weak. (Str -2) [Xom's mischief]
  2411 | D:3      | Found a shimmering blue altar of Sif Muna.
  2474 | D:3      | Found a shimmering altar of Xom.
  2483 | D:3      | XOM: summons 3 hostile demons
  2607 | D:4      | XOM: chaos upgrade
  2616 | D:4      | XOM: divination: detect creatures
  2618 | D:4      | Noticed a sky beast
  2618 | D:4      | XOM: 3-stop teleportation journey
  2627 | D:4      | Reached skill level 1 in Stealth
  2697 | D:4      | Reached XP level 6. HP: 23/43 MP: 7/7
  2721 | D:4      | XOM: cloud trail
  2761 | D:4      | XOM: god gift: 883 gold pieces
  2865 | D:4      | Found a shadowy altar of Dithmenos.
  2865 | D:4      | XOM: 2-stop teleportation journey
  2906 | D:4      | XOM: silly message
  3010 | D:4      | Reached XP level 7. HP: 48/48 MP: 9/9
  3022 | D:4      | XOM: give mutation
  3022 | D:4      | Gained mutation: Your flesh is heat resistant. (rF+) [Xom's
                  | mischief]
  3576 | D:5      | Entered Level 5 of the Dungeon
  3580 | D:5      | XOM: chaos cloud
  3636 | D:5      | Reached skill level 1 in Evocations
  3638 | D:5      | XOM: blink monster(s)
  3671 | D:5      | XOM: give mutations
  3671 | D:5      | Gained mutation: You are very clumsy. (Dex -4) [Xom's
                  | mischief]
  3671 | D:5      | Gained mutation: Your magical capacity is low. (-10% MP)
                  | [Xom's mischief]
  3671 | D:5      | Lost mutation: Your magical capacity is low. (-10% MP)
                  | [Xom's mischief]
  3671 | D:5      | Gained mutation: Your body sometimes deteriorates upon
                  | taking damage. [Xom's mischief]
  3707 | D:5      | You fall into a shaft and drop 3 floors!
  3740 | D:7      | Noticed a steam dragon
  3744 | D:7      | Found a staircase to the Ecumenical Temple.
  3752 | Temple   | Entered the Ecumenical Temple
  3859 | D:7      | XOM: silly message
  3867 | D:7      | Killed a steam dragon
  3868 | D:7      | Reached XP level 8. HP: 29/54 MP: 9/11
  3969 | D:7      | Found a hide-covered altar of Uskayaw.
  4053 | D:7      | Found a blossoming altar of Fedhas.
  4081 | D:7      | XOM: 1-stop teleportation journey
  4095 | D:7      | Learned a level 1 spell: Necrotise
  4099 | D:7      | Learned a level 3 spell: Tukima's Dance
  4103 | D:7      | Learned a level 3 spell: Vampiric Draining
  4108 | D:7      | Learned a level 4 spell: Martyr's Knell
  4113 | D:6      | XOM: 1-stop teleportation journey
  4341 | D:5      | Reached skill level 5 in Fighting
  4371 | D:5      | Noticed Prince Ribbit
  4371 | D:5      | XOM: 2-stop teleportation journey
  4646 | D:5      | Killed Prince Ribbit
  4647 | D:5      | Reached skill level 5 in Axes
  4815 | D:5      | Noticed a yak
  4820 | D:5      | HP: 2/55 [poisoned by you (poison gas)]
  4827 | D:5      | HP: 1/55 [centaur/arrow (7)]
  4827 | D:5      | Shot with an arrow by a centaur

Illustrated notes

Levels and vault maps discovered:
D:1:      wander_arrival_fairy_ring, layout_rooms, serial_bayou_crossing
D:2:      layout_loops_corners, serial_shops, nicolae_shop_hallway_plus,
          item_on_display_a, uniq_terence
D:3:      due_chaos_kobolds, layout_loops_cross,
          nicolae_sif_muna_little_library, serial_shops, shop,
          ebering_ghost_reflecting_pool, minmay_misc_feat_ornament
D:4:      nicolae_cairo_tiling_large_dashed, layout_basic,
          nicolae_dithmenos_the_darkroom
D:5:      layout_basic, st_stairs_11, minmay_manual_mess, uniq_prince_ribbit1,
          uniq_edmund
D:6:      layout_rooms, grunt_decor_mini_mirrors, minmay_bent
D:7:      layout_basic, mainiacjoe_overflow_two_lobes,
          minmay_temple_entry_proselytizer
D:8:      layout_gridville, chequers_temple_overflow_minitemple, st_stairs_1,
          kennysheep_donut, uniq_joseph
Temple:   nicolae_temple_bog_church

Skill      XL: |  1  2  3  4  5  6  7  8 |
---------------+-------------------------+-----
Dodging        | 1 2 3 |  3.9
Armour         | 2 3 4 |  4.1
Polearms       | 1 2 |  2.6
Spellcasting   | 1 2 |  2.3
Stealth        | 1 2 |  2.4
Fighting       | 4 5 |  5.2
Axes           | 4 5 |  5.1
Evocations     | 1 2 |  2.7

Action                     |  1- 3 |  4- 6 |  7- 9 || total
---------------------------+-------+-------+-------++-------
  Melee: Hand axe          |    57 |   119 |    99 ||   275
         Dagger            |    52 |   116 |    24 ||   192
         Short sword       |       |       |    77 ||    77
  Evoke: Wand              |       |       |    19 ||    19
    Use: Potion            |       |     9 |     1 ||    10
         Scroll            |       |     3 |    10 ||    13
   Stab: Sleeping          |       |     1 |       ||     1
         Distracted        |       |     1 |       ||     1
         Petrified         |       |     3 |       ||     3
         Petrifying        |       |     1 |       ||     1
         Paralysed         |       |       |    12 ||    12
 Armour: Leather armour    |    40 |    95 |    51 ||   186
         Steam dragon scal |       |       |    64 ||    64
  Dodge: Dodged            |    27 |    62 |    66 ||   155

Table legend: (Time is in decaauts)
 A = Elapsed time spent in this place.
 B = Non-inter-level travel time spent in this place.
 C = Inter-level travel time spent in this place.
 D = Time resting spent in this place.
 E = Time spent auto-exploring this place.
 F = Levels seen in this place.
 G = Mean time per level.
                   A        B        C        D        E       F      G
               +--------+--------+--------+--------+--------+-----+--------+
         Total |   4874 |   4741 |    133 |    347 |   3360 |   9 |  541.6 |
       Dungeon |   4847 |   4714 |    133 |    325 |   3360 |   8 |  605.9 |
        Temple |     27 |     27 |      0 |     22 |      0 |   1 |   27.0 |
               +--------+--------+--------+--------+--------+-----+--------+

Top non-repeatable levels by time:
     D:4: 1099 daAuts
     D:2: 1000 daAuts
     D:3: 978 daAuts
     D:5: 758 daAuts
     D:1: 613 daAuts
     D:7: 367 daAuts
  Temple: 27 daAuts
     D:8: 20 daAuts
     D:6: 8 daAuts
